 Dungeon Crawl Stone Soup version 0.26.1-11-gd32895ea62 (webtiles) character file.

Game seed: 7037739087099932189

49 Zeld the Insei (level 3, 0/23 HPs)
             Began as an Octopode Transmuter on June 1, 2021.
             Succumbed to Sigmund's poison
             ... on level 2 of the Dungeon.
             The game lasted 00:01:53 (2819 turns).

Zeld the Insei (Octopode Transmuter)                Turns: 2819, Time: 00:01:54

Health: 0/23       AC:  2    Str: 10    XL:     3   Next: 75%
Magic:  3/6        EV: 20    Int: 15    God:
Gold:   99         SH:  0    Dex: 17    Spells: 1/7 levels left

rFire    . . .     SeeInvis .     - Unarmed
rCold    . . .     Faith    .   (shield currently unavailable)
rNeg     . . .     Spirit   .   (helmet currently unavailable)
rPois    x         Reflect  .   (no amulet)
rElec    .         Harm     .   (no ring)
rCorr    .         Rampage  .   (no ring)
Will     .....                  (no ring)
Stlth    ++........             (no ring)
HPRegen  0.07/turn              (no ring)
MPRegen  0.10/turn              (no ring)
                                (no ring)
                                (no ring)

@: lethally poisoned (0 -> -24), spider-form (expiring)
A: tiny, almost no armour, stealthy swim, (amphibious), 8 rings, (constrict 8)
a: End Transformation


You were on level 2 of the Dungeon.
You were a venomous arachnid creature.
You visited 1 branch of the dungeon, and saw 2 of its levels.

You collected 99 gold pieces.

Inventory:

Scrolls
 b - a scroll of teleportation {unknown}
 c - a scroll of remove curse {unknown}
 d - a scroll of identify {unknown}
 f - a scroll of magic mapping {unknown}
Potions
 a - a potion of mutation {unknown}
 e - a potion of brilliance {unknown}


   Skills:
 + Level 1.4 Fighting
 + Level 2.4 Dodging
 - Level 3.0 Unarmed Combat
 * Level 2.6 Spellcasting
 * Level 2.9 Transmutations


You had one spell level left.
You knew the following spells:

 Your Spells              Type           Power        Failure   Level
a - Beastly Appendage     Tmut           20%          17%         1
b - Wereblood             Tmut           10%          24%         2
c - Spider Form           Tmut/Pois      3%           56%         3

Your spell library contained the following spells:

 Spells                   Type           Power        Failure   Level
 Ice Form                 Ice/Tmut       6%           89%         4
 Blade Hands              Tmut           5%           96%         5


Dungeon Overview and Level Annotations

Branches:
Dungeon (2/15)

Altars:
The Shining One

Annotations:
D:2 Sigmund


Innate Abilities, Weirdness & Mutations

You cannot wear most types of armour.
You are very stealthy in the water. (Stealth+)
((You are amphibious.))
You can wear up to eight rings at the same time.
((You can use your tentacles to constrict eight enemies at once.))
((Your skin changes colour to match your surroundings (Stealth+).))
((Your rubbery body absorbs attacks. (AC +1, EV +1)))


Message History

You are too injured to fight recklessly!
You hit Sigmund but do no damage.
Sigmund is poisoned.
* * * LOW HITPOINT WARNING * * *
You feel sick. Sigmund barely misses you.
You are too injured to fight recklessly!
You hit Sigmund but do no damage.
Sigmund looks as sick as possible!
* * * LOW HITPOINT WARNING * * *
You feel sick. Sigmund completely misses you.
You hit Sigmund.
Sigmund looks as sick as possible!
Sigmund is lightly wounded.
* * * LOW HITPOINT WARNING * * *
You feel sick.
Unknown command.
Okay, then.
Press: ? - help, v - describe, . - travel
Here: Sigmund, wielding a +3 scythe of venom and wearing a +2 robe of resistance (lightly wounded, extremely poisoned)
The floor.
Unknown command.
Unknown command.
You die...

##### ....#
###############
....#
#.............#
....#
#.###.....###.#
....# #.#
#.###.# #.#
....# #.#
#.#<#.# #.#
....######.#
#.#s#.# #.#
.....>..##.#
#.#[#.###[##
....###..#.#
#.#@#......#
...)####.#.#
#(#.########
.....(..(#.#
#.#.#
########...#
#.#.# ##..#
#.#.# #..#
#.#.# #..#
#.#.#


You could see Sigmund (extremely poisoned).

Vanquished Creatures
  An adder (D:2)
  4 leopard geckos
  A bat (D:1)
  2 giant cockroaches (D:1)
  3 hobgoblins
  5 kobolds
  3 frilled lizards
  10 goblins
  5 rats
34 creatures vanquished.

Notes
Turn   | Place    | Note
-------+----------+-------------------------------------------
     0 | D:1      | Zeld the Octopode Transmuter began the quest for the Orb.
     0 | D:1      | Reached XP level 1. HP: 13/13 MP: 3/3
    61 | D:1      | Reached XP level 2. HP: 18/18 MP: 3/5
    83 | D:1      | Learned a level 2 spell: Wereblood
   694 | D:1      | Found a glowing golden altar of the Shining One.
   866 | D:1      | Reached XP level 3. HP: 23/23 MP: 6/6
   870 | D:1      | Learned a level 3 spell: Spider Form
  1527 | D:2      | Noticed Sigmund
  2819 | D:2      | Succumbed to Sigmund's poison

Illustrated notes

Levels and vault maps discovered:
D:1:      wander_arrival_desolate, layout_basic, grunt_decor_cap, tso_altar
D:2:      minmay_door_path, layout_basic, zin_statuary,
          nicolae_ru_path_of_blood, uniq_sigmund

Action                   || total
-------------------------++-------
Melee: Unarmed           ||    72
       Constrict         ||    26
       Kick              ||    12
       Tentacles         ||    12
 Cast: Beastly Appendage ||    13
       Spider Form       ||     1
 Stab: Sleeping          ||     2
Armor: Skin              ||     6
Dodge: Dodged            ||    55
